 Dungeon Crawl Stone Soup version 0.29-a0-103-g37f86683bf (webtiles) character file.

Game seed: 8889394264779955355

1038 kae the Ruffian (level 8, 0/67 HPs)
             Began as a White Draconian Transmuter on Feb 15, 2022.
             Killed from afar by an electric eel (7 damage)
             ... with a bolt of electricity
             ... on level 6 of the Dungeon.
             The game lasted 00:04:59 (7083 turns).

kae the Ruffian (White Draconian Transmuter)        Turns: 7083, Time: 00:05:00

Health: 0/67       AC:  7    Str: 19    XL:     8   Next: 4%
Magic:  13/13      EV: 13    Int: 15    God:
Gold:   562        SH:  5    Dex: 12    Spells: 4/14 levels left

rFire   . . .      SeeInvis .     - Unarmed
rCold   + + .      Faith    .   (no shield)
rNeg    . . .      Spirit   .   (armour unavailable)
rPois   .          Reflect  +   (helmet restricted)
rElec   .          Harm     .   e - +0 cloak
rCorr   .          Rampage  .   (no gloves)
Will    .....                   (no boots)
Stlth   +.........              o - amulet of reflection
HPRegen 0.21/turn               c - ring of protection from cold
MPRegen 0.13/turn               t - +6 ring of strength

@: no status effects
A: breathe frost, AC +6, unfitting armour, cold resistance 1, cold-blooded
a: Breathe Frost


You were on level 6 of the Dungeon.
You visited 1 branch of the dungeon, and saw 6 of its levels.

You collected 666 gold pieces.
You spent 104 gold pieces at shops.

Inventory:

Missiles
 m - 2 throwing nets
Armour
 e - a +0 cloak (worn)
Jewellery
 c - a ring of protection from cold (left hand)
 o - an amulet of reflection (around neck)
 t - a +6 ring of strength (right hand)
Wands
 j - a wand of acid (9)
 n - a wand of mindburst (11)
 s - a wand of iceblast (13)
 u - a wand of polymorph (14)
Scrolls
 a - 3 scrolls of teleportation
 d - 5 scrolls of identify
 r - a scroll of holy word
Potions
 b - 2 potions of degeneration
 f - 2 potions of heal wounds
 g - 2 potions of curing
 h - 2 potions of brilliance
 i - 2 potions of mutation
 k - a potion of berserk rage
 l - a potion of haste


   Skills:
 + Level 4.5 Fighting
 + Level 3.8 Dodging
 + Level 4.8 Unarmed Combat
 + Level 3.9 Spellcasting
 + Level 4.2 Transmutations
 * Level 2.7 Ice Magic
 - Level 2.0 Poison Magic


You had 4 spell levels left.
You knew the following spells:

 Your Spells              Type           Power      Damage    Failure   Level
a - Beastly Appendage     Tmut           30%        N/A       3%          1
b - Spider Form           Tmut/Pois      12%        N/A       16%         3
c - Passwall              Tmut/Erth      7%         N/A       12%         2
d - Ice Form              Ice/Tmut       13%        N/A       41%         4

Your spell library contained the following spells:

 Spells                   Type           Power      Damage    Failure   Level
 Wereblood                Tmut           15%        N/A       4%          2
 Ensorcelled Hibernation  Hex/Ice        14%        N/A       16%         2
 Confusing Touch          Hex            2%         N/A       50%         3
 Gell's Gravitas          Tloc           2%         N/A       50%         3
 Lesser Beckoning         Tloc           2%         N/A       50%         3
 Swiftness                Air            2%         N/A       50%         3
 Teleport Other           Tloc           2%         N/A       50%         3
 Yara's Violent Unravell  Hex/Tmut       4%         3d4       91%         5
 Enfeeble                 Hex            1%         N/A       100%        7


Dungeon Overview and Level Annotations

Branches:
Dungeon (6/15)
 Temple: D:4-7

Altars:
Dithmenos
Fedhas
Gozag
Hepliaklqana
Nemelex Xobeh

Shops:
D:2 (   D:3 [   D:4 !*

Annotations:
D:3 1 runed translucent door, Crazy Yiuf
D:5 2 transporters, ma3's ghost, novice DjWz


Innate Abilities, Weirdness & Mutations

You can breathe waves of freezing cold which knock back foes.
Your icy white scales are hard. (AC +6)
You cannot fit into any form of body armour.
Your flesh is cold resistant. (rC+)
You are cold-blooded and may be slowed by cold attacks.


Message History

The steam dragon is almost dead.
The steam dragon bites you!
The steam dragon claws you but does no damage.
You barely miss the steam dragon.
The steam dragon is almost dead.
The steam dragon bites you.
The steam dragon claws you but does no damage.
You barely miss the steam dragon.
The steam dragon is almost dead.
The steam dragon bites you! The steam dragon completely misses you.
You barely miss the steam dragon.
The steam dragon is almost dead.
The steam dragon bites you. The steam dragon barely misses you.
You are too injured to fight recklessly!
You barely miss the steam dragon.
The steam dragon is almost dead.
The steam dragon breathes steam at you. The ball of steam hits you!!
The steam scalds you terribly!
You pummel the steam dragon!! You freeze the steam dragon.
You kill the steam dragon!
You are engulfed in a cloud of scalding steam.
* * * LOW HITPOINT WARNING * * *
You have reached level 8!
You feel agile.
Unknown command.
You are engulfed in a cloud of scalding steam.
* * * LOW HITPOINT WARNING * * *
You start resting.
Your transformation is almost over.
Magic restored.
You warm up again.
Your +0 cloak unmelds from your body.
The electric eel shoots out a bolt of lightning at you!
The bolt of electricity hits you!
* * * LOW HITPOINT WARNING * * *
There is a stone staircase leading up here.
An electric eel is nearby!
The electric eel shoots out a bolt of lightning at you!
The bolt of electricity hits you!
You die...

#.≈P≈≈≈♣PPPP#
##≈PS♣≈≈♣P.###
#.P≈≈≈♣♣PP.P#
#..≈≈≈♣ ♣PP≈..
##.≈.P≈♣ ≈PPP..
#))#≈PPP≈≈≈♣≈PPPP
#)###PPP.≈≈♣≈≈≈≈≈
######)######P.PP
≈P
#....@...........
#.###############


You could see an electric eel.

Vanquished Creatures
  A steam dragon (D:6)
  A sky beast (D:5)
  2 ogres
  A gnoll sergeant (D:6)
  A scorpion (D:4)
  A water moccasin skeleton (D:5)
  A gnoll shaman (D:4)
  2 hounds (D:5)
  A bullfrog skeleton (D:5)
  An iguana (D:5)
  Ijyb (D:5)
  16 gnolls
  7 adders
  An ufetubus (D:4)
  2 worms
  2 dart slugs
  2 orcs
  4 bats
  6 endoplasms
  2 giant cockroaches
  9 goblins
  7 hobgoblins
  5 jackals
  8 kobolds
  4 quokkas
  3 ball pythons
  A frilled lizard (D:1)
  6 rats
98 creatures vanquished.

Vanquished Creatures (others)
  A bullfrog zombie (D:5)
  20 plants
21 creatures vanquished.

Grand Total: 119 creatures vanquished

Notes
Turn   | Place    | Note
-------+----------+-------------------------------------------
     0 | D:1      | kae the Draconian Transmuter began the quest for the Orb.
     0 | D:1      | Reached XP level 1. HP: 16/16 MP: 3/3
   403 | D:1      | Found a faded altar of an unknown god.
   554 | D:1      | Reached XP level 2. HP: 23/23 MP: 3/5
  1352 | D:2      | Reached XP level 3. HP: 29/29 MP: 4/6
  1357 | D:2      | Learned a level 2 spell: Passwall
  1361 | D:2      | Learned a level 3 spell: Spider Form
  1405 | D:2      | Found Casex's Weapon Shop.
  2419 | D:2      | Reached skill level 1 in Poison Magic
  2428 | D:2      | Reached XP level 4. HP: 24/36 MP: 7/7
  3235 | D:2      | Identified the +1 robe of Hopscotch {Str+6}
  3541 | D:3      | Found Nuics's Antique Armour Emporium.
  3749 | D:3      | Found a runed translucent door.
  3750 | D:3      | Noticed Crazy Yiuf
  3939 | D:4      | Found Gozag's Platinum Reserve.
  3939 | D:4      | Found an opulent altar of Gozag.
  4025 | D:4      | Found a hazy altar of Hepliaklqana.
  4063 | D:4      | Reached XP level 5. HP: 37/42 MP: 6/9
  4129 | D:4      | Noticed an ogre
  4136 | D:4      | Killed an ogre
  4170 | D:4      | Found Jitut's Distillery.
  4194 | D:4      | Bought a potion of curing for 39 gold pieces
  4194 | D:4      | Bought a potion of berserk rage for 65 gold pieces
  4215 | D:4      | Found a blossoming altar of Fedhas.
  4274 | D:4      | Found a sparkling altar of Nemelex Xobeh.
  4587 | D:4      | Reached XP level 6. HP: 19/51 MP: 7/10
  5294 | D:4      | Identified a scroll of acquirement
  5300 | D:4      | Acquired 375 gold pieces
  5361 | D:5      | Entered Level 5 of the Dungeon
  5755 | D:5      | Your scales start taking on an icy white colour.
  5755 | D:5      | Reached XP level 7. HP: 57/58 MP: 5/12
  5755 | D:5      | Gained mutation: Your flesh is cold resistant. (rC+) [White
                  | Draconian growth]
  5987 | D:5      | Identified the +2 trident of the Magi {venom, rC+ rN+}
  5992 | D:5      | Found a transporter.
  5994 | D:5      | Identified the amulet of Madetz {Spirit Regen+ Dex+6}
  5998 | D:5      | Found a transporter.
  6001 | D:5      | Noticed ma3's ghost (novice DjWz)
  6340 | D:5      | Learned a level 4 spell: Ice Form
  6351 | D:5      | Found a shadowy altar of Dithmenos.
  6375 | D:5      | Noticed Ijyb
  6386 | D:5      | Killed Ijyb
  6438 | D:5      | Reached skill level 1 in Ice Magic
  6946 | D:6      | Noticed a steam dragon
  7045 | D:6      | Killed a steam dragon
  7046 | D:6      | Reached XP level 8. HP: 21/67 MP: 9/13
  7083 | D:6      | Killed from afar by an electric eel

Illustrated notes

Levels and vault maps discovered:
D:1:      matt_arrival_diagonals, layout_basic, basic_ecumenical_altar,
          hangedman_glass_teeth
D:2:      layout_loops_ring, serial_shops, nicolae_shop_behind_doors
D:3:      layout_rooms, serial_shops, shop, uniq_crazy_yiuf_cottage
D:4:      layout_cave_pods, amcnicky_altar_gilded,
          mainiacjoe_overflow_small_starburst, nicolae_gozag_zags_fifth_avenue,
          mainiacjoe_overflow_brackets, serial_shops, nicolae_square_shop
D:5:      layout_gridville, nicolae_dithmenos_the_darkroom,
          gammafunk_ghost_gnarly_gnolls, lemuel_old_faithful, uniq_ijyb
D:6:      layout_loops_ring, minmay_temple_entry_from_below_a,
          ebering_ghost_sewer_d, serial_bayou_lagoon_a, due_unseen_surprise

Skill      XL: |  1  2  3  4  5  6  7 |
---------------+----------------------+-----
Dodging        | 2 3 |  3.8
Fighting       | 2 3 4 |  4.5
Poison Magic   | 1 2 |  2.0
Transmutations | 3 4 |  4.2
Spellcasting   | 3 |  3.9
Unarmed Combat | 4 |  4.8
Ice Magic      | 2 |  2.7

Action                   |  1- 3 |  4- 6 |  7- 9 || total
-------------------------+-------+-------+-------++-------
Melee: Unarmed           |   107 |   165 |    69 ||   341
       Headbutt          |    12 |     7 |       ||    19
       Tailslap          |     9 |     8 |     4 ||    21
       Kick              |    10 |    17 |       ||    27
       Punch             |     2 |     3 |     1 ||     6
 Cast: Beastly Appendage |    20 |    28 |       ||    48
       Spider Form       |     2 |    13 |     8 ||    23
       Ice Form          |       |       |     1 ||     1
  Use: Scroll            |     4 |     8 |     3 ||    15
Armor: Skin              |    46 |    35 |    10 ||    91
Dodge: Dodged            |    80 |   121 |    45 ||   246
Block: Other             |       |     8 |    15 ||    23

Table legend: (Time is in decaauts)
 A = Elapsed time spent in this place.
 B = Non-inter-level travel time spent in this place.
 C = Inter-level travel time spent in this place.
 D = Time resting spent in this place.
 E = Time spent auto-exploring this place.
 F = Levels seen in this place.
 G = Mean time per level.
                   A        B        C        D        E       F      G
               +--------+--------+--------+--------+--------+-----+--------+
         Total |   7068 |   6821 |    247 |   1062 |   4772 |   6 | 1178.0 |
       Dungeon |   7068 |   6821 |    247 |   1062 |   4772 |   6 | 1178.0 |
               +--------+--------+--------+--------+--------+-----+--------+

Top non-repeatable levels by time:
     D:1: 1945 daAuts
     D:5: 1549 daAuts
     D:2: 1329 daAuts
     D:4: 1323 daAuts
     D:3: 750 daAuts
     D:6: 170 daAuts
